 Dungeon Crawl Stone Soup version 0.31.0-9-g3a7656b989 (webtiles) character file.

Game seed: 16930021850659343660

125 qw the Shooter (level 4, 0/36 HPs)
             Began as a Demigod Hunter on Feb 2, 2024.
             Incinerated by a bombardier beetle (4 damage)
             ... with a burning spray
             ... on level 3 of the Dungeon.
             The game lasted 00:00:06 (1695 turns).

qw the Shooter (Demigod Hunter)                     Turns: 1695, Time: 00:00:07

Health: 0/36       AC:  5    Str: 12    XL:     4   Next: 53%
Magic:  6/6        EV: 11    Int: 11    God:
Gold:   110        SH:  0    Dex: 21    Spells: 3/3 levels left

rFire   . . .        a - +0 shortbow
rCold   . . .        (shield currently unavailable)
rNeg    . . .        d - +0 ring mail
rPois   .            (no helmet)
rElec   .            (no cloak)
rCorr   .            (no gloves)
SInv    .            (no boots)
Will    .....        (no amulet)
Stlth   +            (no ring)
HPRegen 0.26/turn    (no ring)
MPRegen 0.10/turn

%: no passive effects
@: on fire, about to teleport, glowing
A: high MP 1, forlorn, divine attributes
a: no special abilities


You were on level 3 of the Dungeon.
You visited 1 branch of the dungeon, and saw 3 of its levels.

You collected 110 gold pieces.


Innate Abilities, Weirdness & Mutations

You have an increased reservoir of magic. (+10% MP)
You shall have no god before yourself.
Your divine heritage dramatically boosts your attributes as you level up.


   Skills:
 - Level 2.0 Fighting
 + Level 5.3 Ranged Weapons
 - Level 1.0 Armour
 - Level 2.0 Dodging
 - Level 0.8 Stealth


You had 3 spell levels left.
You didn't know any spells.
Your spell library was empty.

Inventory:

Hand Weapons
 a - a +0 shortbow (weapon)
Armour
 d - a +0 ring mail (worn)
Scrolls
 b - 2 scrolls of identify
Potions
 e - 3 potions of curing
 g - a potion of mutation
 i - a potion of enlightenment
 k - 2 potions of magic {unknown}
 l - a potion of invisibility {unknown}

Dungeon Overview and Level Annotations

Branches:
Dungeon (3/15)


Message History

You are covered in liquid fire!
An adder comes into view.
You shoot an arrow. The arrow closely misses the bat.
The arrow closely misses the ball python.
The liquid fire burns you! The bat hits you but does no damage.
The bombardier beetle sprays incendiary fluid at you.
The burning spray hits you.
You are even more covered in liquid fire!
You shoot an arrow. The arrow hits the bat.
You kill the bat!
The liquid fire burns you!
The bombardier beetle waves its antennae.
You shoot an arrow. The arrow hits the ball python.
You kill the ball python!
The liquid fire burns you!
You shoot an arrow. The arrow hits the rat.
You kill the rat!
The liquid fire burns you!
You shoot an arrow. The arrow hits the adder!
You kill the adder!
The liquid fire burns you!
The bombardier beetle sprays incendiary fluid at you.
The burning spray hits you.
You are even more covered in liquid fire!
You shoot an arrow. The arrow hits the bombardier beetle.
The bombardier beetle is moderately wounded.
The liquid fire burns you!
1693 ||| READING scroll of teleportation.
As you read the scroll of teleportation, it crumbles to dust.
You feel strangely unstable. The liquid fire burns you!
You shoot an arrow. The arrow hits the bombardier beetle.
The bombardier beetle is moderately wounded.
The liquid fire burns you!
You shoot an arrow.
The arrow hits the bombardier beetle but does no damage.
The bombardier beetle is moderately wounded.
The liquid fire burns you!
You die...

~~...0~)..
#.............~.0.0.~.%.
#.............~..0.%~...
#.............~.0..)~...
#.............~~...~~...
#...........# .~~~~~##..
.......%..# .#.#####..
###.[%....# #.#.....#
#...B@....# #.#.###..
#..##......# #.#.# #..
#......# .#.#.####.
+......##.#.#....'.
#.....###.#.######.
#.....# #.#......'.
#.....# #.########.
##.....###.# #.
#..........# #####.


You could see a bombardier beetle.

Vanquished Creatures
  5 adders
  A ribbon worm (D:2)
  7 dart slugs
  An orc (D:3)
  5 bats (D:3)
  7 endoplasms
  6 giant cockroaches
  3 goblins (D:1)
  8 hobgoblins
  4 jackals (D:3)
  4 kobolds
  A quokka (D:2)
  2 ball pythons
  2 frilled lizards
  3 rats
59 creatures vanquished.

Vanquished Creatures (others)
  An ogre (D:3)
1 creature vanquished.

Grand Total: 60 creatures vanquished

Notes
Turn   | Place    | Note
-------+----------+-------------------------------------------
     0 | D:1      | qw the Demigod Hunter began the quest for the Orb.
     0 | D:1      | Reached XP level 1. HP: 17/17 MP: 3/3
     0 | D:1      | 0 ||| qw: Version: 0.3-a-155-g5e7d8dd
     0 | D:1      | 0 ||| qw: Game counter: 32
     0 | D:1      | 0 ||| qw: Melee chars always use a shield: true
     0 | D:1      | 0 ||| qw: God list: Okawaru
     0 | D:1      | 0 ||| qw: Allow faded altars: false
     0 | D:1      | 0 ||| qw: Do Orc after clearing Dungeon:15 true
     0 | D:1      | 0 ||| qw: Do second Lair branch before Depths: true
     0 | D:1      | 0 ||| qw: Lair rune preference: random
     0 | D:1      | 0 ||| qw: Goals: Normal
     0 | D:1      | 0 ||| PLANNING D:1-11
    63 | D:1      | Reached skill level 4 in Ranged Weapons
    80 | D:1      | Reached XP level 2. HP: 20/24 MP: 4/4
   587 | D:1      | 587 ||| READING 2 scrolls labelled CIZ DICYNOMUL.
   587 | D:1      | 587 ||| IDENTIFYING silvery potion
   588 | D:1      | 588 ||| READING scroll of identify.
   588 | D:1      | 588 ||| IDENTIFYING bubbling orange potion
   589 | D:1      | 589 ||| READING scroll labelled ENYABE YMNI.
   590 | D:1      | 590 ||| READING scroll labelled UGRUFR LYEPI.
   591 | D:1      | 591 ||| DRINKING 2 sapphire potions.
   592 | D:1      | 592 ||| DROPPING scroll of butterflies.
   710 | D:2      | Reached XP level 3. HP: 18/29 MP: 5/5
   725 | D:2      | 725 ||| FLEEEEING.
   728 | D:2      | 728 ||| FLEEEEING.
   729 | D:2      | 729 ||| FLEEEEING.
   730 | D:2      | 730 ||| FLEEEEING.
   731 | D:2      | 731 ||| FLEEEEING.
   732 | D:2      | 732 ||| FLEEEEING.
   733 | D:2      | 733 ||| FLEEEEING.
   734 | D:2      | 734 ||| FLEEEEING.
   740 | D:2      | 740 ||| FLEEEEING.
  1058 | D:2      | Reached skill level 5 in Ranged Weapons
  1149 | D:2      | 1149 ||| UPGRADING to +0 ring mail.
  1159 | D:2      | 1159 ||| DROPPING +0 leather armour.
  1160 | D:2      | 1160 ||| READING scroll of identify.
  1160 | D:2      | 1160 ||| IDENTIFYING fizzy pink potion
  1161 | D:2      | 1161 ||| READING scroll labelled QOTTIE VOZO.
  1262 | D:2      | 1262 ||| READING scroll labelled PAECEP DYEXIC.
  1265 | D:2      | 1265 ||| DROPPING potion of attraction.
  1317 | D:3      | Reached XP level 4. HP: 36/36 MP: 6/6
  1561 | D:3      | Killed an ogre
  1567 | D:3      | Reached skill level 1 in Armour
  1692 | D:3      | HP: 8/36 [burnt (4)]
  1693 | D:3      | 1693 ||| READING scroll of teleportation.
  1695 | D:3      | Incinerated by a bombardier beetle

Levels and vault maps discovered:
D:1:      erik_arrival_triangle_large, layout_basic
D:2:      layout_basic
D:3:      layout_basic, xom_confusion_cloud, mainiacjoe_overflow_six_doors_small

Skill      XL: |  1  2  3  4 |
---------------+-------------+-----
Ranged Weapons | 4 5 |  5.3
Fighting       | 2 |  2.0
Dodging        | 2 |  2.0
Armour         | 1 |  1.0
Stealth        | |  0.8

Action                     |  1- 3 |  4- 6 || total
---------------------------+-------+-------++-------
   Fire: Shortbow          |   100 |    66 ||   166
    Use: Scroll            |     7 |     1 ||     8
         Potion            |     1 |       ||     1
 Armour: Leather armour    |     9 |       ||     9
         Ring mail         |       |    21 ||    21
  Dodge: Dodged            |    14 |    21 ||    35

Table legend:
 A = Non-vault XP
 B = Vault XP
 C = Vault XP percentage of total XP
 D = Non-vault monster count
 E = Vault monster count
 F = Vault count percentage of total count
                 A         B        C        D         E       F
            +---------+---------+-------+---------+---------+-------
      Total |     160 |      19 |  10.6 |      49 |      10 |  16.9
            +---------+---------+-------+---------+---------+-------
        D:1 |      41 |       0 |   0.0 |      17 |       0 |   0.0
        D:2 |      73 |       0 |   0.0 |      19 |       0 |   0.0
        D:3 |      46 |      19 |  29.2 |      13 |      10 |  43.5
            +---------+---------+-------+---------+---------+-------
